Map: Acid Plant LE

Players

DerZerFetzer - Winner!

  • Race: Zerg Zerg
  • League: Master
  • Spawn Location: 11:00

SISISISISISI

  • Race: Protoss Protoss
  • League: Master
  • Spawn Location: 5:00

VOD

Have the link to the VOD?

Description

Time

  • Played on: Feb. 12, 2018, 7:06 p.m.
  • Length: 18:51
Show
View Real Time Build Order
Export as new Build Order

DerZerFetzer Zerg - Winner!

Build Orders: Pool First 

Get SALT Encoding   

  12  0:01  Drone  
  13  0:13  Drone  
  14  0:15  Extractor  
  14  0:16  Drone  
  14  0:42  Spawning Pool  
  14  0:44  Drone, Overlord  
  14  0:53  Drone, Extractor  
  15  1:02  Drone  
  16  1:29  Zergling x6  
  19  1:33  Roach Warren  
  19  1:34  Queen  
  20  1:42  Overlord  
  17  2:09  Queen  
  19  2:16  Roach  
  19  2:17  Roach x2  
  25  2:27  Overlord  
  25  2:38  Ravager  
  25  2:39  Ravager x2  
  25  2:42  Drone  
  29  3:07  Drone x3  
  32  3:23  Drone x2  
  34  3:33  Hatchery  
  33  3:35  Drone  
  34  3:50  Drone x2  
  36  4:00  Hatchery  
  35  4:10  Zergling x4  
  28  5:07  Queen  
  28  5:13  Spore Crawler  
  29  5:15  Lair  
  29  5:17  Queen  
  29  5:19  Drone x13  
  42  5:21  Spore Crawler  
  42  5:25  Metabolic Boost  
  41  5:30  Spore Crawler  
  41  5:31  Spore Crawler  
  41  5:34  Spore Crawler  
  38  5:36  Drone  
  38  5:40  Spore Crawler  
  38  5:45  Spore Crawler  
  37  5:50  Queen  
  37  5:53  Drone  
  40  5:59  Drone x2  
  42  6:09  Spore Crawler  
  41  6:24  Spore Crawler  
  41  6:31  Spore Crawler  
  41  6:50  Drone  
  41  6:52  Overlord  
  41  6:53  Overlord x5  
  41  6:54  Overlord x3  
  42  6:57  Overlord x2  
  42  7:03  Hydralisk Den  
  41  7:19  Drone x5  
  41  7:20  Drone x10  
  56  7:41  Drone x2  
  56  7:42  Drone x3  
  61  7:46  Drone  
  61  7:47  Drone  
  61  7:48  Drone x3, Extractor  
  65  7:52  Drone x3, Extractor  
  65  7:53  Extractor  
  65  7:54  Drone x2  
  65  7:55  Drone  
  65  7:56  Muscular Augments  
  69  7:59  Drone  
  69  8:00  Extractor  
  69  8:01  Drone x2  
  69  8:03  Drone  
  72  8:11  Overseer  
  72  8:12  Pneumatized Carapace  
  72  8:19  Hydralisk  
  72  8:20  Hydralisk x4  
  72  8:21  Hydralisk  
  72  8:23  Hydralisk  
  72  8:25  Hydralisk  
  88  8:29  Hydralisk  
  88  8:56  Hydralisk  
  88  8:57  Hydralisk x6  
  102  9:06  Hydralisk  
  102  9:07  Hydralisk x2, Grooved Spines  
  108  9:23  Overseer  
  108  9:46  Hydralisk x7  
  108  9:50  Extractor  
  121  9:53  Hatchery  
  121  9:57  Extractor  
  119  10:03  Infestation Pit  
  118  10:17  Overlord  
  118  10:18  Overlord x5  
  118  10:19  Overlord x3  
  118  10:25  Extractor  
  117  10:31  Spire  
  116  10:44  Hydralisk x10  
  116  10:45  Hydralisk x2  
  116  10:49  Drone x3  
  143  10:51  Drone x3  
  143  10:54  Drone x3  
  149  11:00  Hydralisk  
  149  11:01  Hydralisk x4  
  159  11:12  Hive  
  145  11:30  Hydralisk x7  
  131  11:53  Hydralisk  
  127  11:54  Hydralisk x9  
  127  11:55  Hydralisk  
  149  12:04  Hydralisk  
  149  12:05  Hydralisk x3  
  153  12:17  Hydralisk  
  153  12:18  Hydralisk x5  
  165  12:52  Drone x10  
  165  12:55  Greater Spire  
  175  12:59  Corruptor  
  175  13:00  Corruptor x3  
  175  13:02  Overlord x3  
  175  13:03  Overlord x2  
  183  13:25  Hatchery, Extractor  
  181  13:27  Extractor  
  180  13:35  Viper  
  180  13:36  Viper x4  
  195  14:16  Hatchery  
  194  14:18  Hatchery  
  193  14:41  Hatchery  
  192  14:58  Hatchery  
  191  15:01  Corruptor x5, Hatchery  
  200  15:34  Overseer x2  
  200  15:35  Overseer x11  
  200  15:48  Zerg Flyer Weapons Level 1  
  178  16:26  Hydralisk x8  
  178  16:27  Hydralisk x3  
  177  16:56  Hydralisk  
  177  16:57  Hydralisk x12  
  193  17:12  Hydralisk  
  193  17:13  Hydralisk x2  
  163  17:53  Spore Crawler x2  
  163  17:54  Corruptor x13  
  163  17:55  Corruptor x6  
  187  18:11  Corruptor x6  
  187  18:12  Corruptor x2  
Show
View Real Time Build Order
Export as new Build Order

SISISISISISI Protoss 

Build Orders:  

Get SALT Encoding   

  12  0:00  Probe  
  13  0:12  Probe  
  14  0:17  Pylon  
  14  0:26  Probe  
  15  0:36  Forge  
  15  0:40  Probe  
  16  0:52  Probe  
  17  1:04  Pylon  
  17  1:22  Photon Cannon  
  17  1:28  Photon Cannon  
  17  1:29  Probe  
  18  1:34  Gateway  
  18  1:37  Assimilator  
  18  1:39  Assimilator  
  18  2:05  Photon Cannon  
  18  2:07  Probe (Chrono Boost)  
  19  2:12  Assimilator  
  19  2:18  Probe (Chrono Boost)  
  20  2:25  Probe  
  21  2:38  Probe  
  22  2:47  Pylon  
  22  2:53  Probe  
  23  2:59  Cybernetics Core  
  23  3:06  Probe  
  23  3:37  Stargate  
  23  3:38  Pylon  
  23  3:40  Stargate  
  23  3:41  Stalker  
  25  3:51  Nexus  
  25  3:58  Warp Gate  
  25  4:06  Photon Cannon  
  25  4:09  Pylon  
  29  4:26  Void Ray (Chrono Boost)  
  29  4:34  Void Ray (Chrono Boost)  
  24  5:02  Probe (Chrono Boost)  
  25  5:14  Probe (Chrono Boost)  
  26  5:18  Probe x2 (Chrono Boost)  
  28  5:28  Probe  
  28  5:30  Pylon  
  29  5:36  Probe  
  29  5:40  Probe  
  31  5:48  Probe  
  32  5:53  Probe (Chrono Boost)  
  33  6:00  Probe (Chrono Boost)  
  34  6:05  Probe (Chrono Boost)  
  34  6:10  Probe (Chrono Boost)  
  36  6:12  Probe (Chrono Boost)  
  36  6:15  Probe (Chrono Boost)  
  38  6:34  Void Ray x2 (Chrono Boost)  
  42  6:49  Nexus  
  42  6:52  Pylon  
  42  6:55  Probe  
  42  6:56  Probe  
  44  7:07  Probe  
  44  7:08  Probe  
  46  7:10  Oracle  
  46  7:12  Oracle  
  52  7:20  Probe x2, Pylon  
  54  7:25  Protoss Air Weapons Level 1  
  54  7:35  Gateway  
  54  7:38  Pylon  
  54  7:47  Void Ray  
  54  7:48  Probe x2  
  60  8:04  Probe x2 (Chrono Boost)  
  60  8:05  Probe (Chrono Boost)  
  63  8:12  Probe (Chrono Boost)  
  66  8:14  Probe x2 (Chrono Boost)  
  66  8:17  Void Ray  
  66  8:18  Probe  
  70  8:22  Fleet Beacon  
  70  8:24  Probe x2  
  73  8:30  Probe  
  74  8:35  Shield Battery  
  74  8:37  Probe x2  
  76  8:49  Probe x3  
  76  9:01  Probe x3  
  79  9:05  Photon Cannon  
  79  9:08  Shield Battery  
  79  9:09  Shield Battery  
  79  9:11  Photon Cannon  
  79  9:14  Photon Cannon x2  
  79  9:17  Shield Battery, Probe x2  
  81  9:23  Assimilator  
  82  9:26  Assimilator  
  82  9:28  Pylon  
  80  9:32  Carrier (Chrono Boost)  
  86  9:39  Nexus  
  86  9:43  Pylon  
  86  10:00  Pylon  
  86  10:01  Carrier (Chrono Boost)  
  86  10:04  Pylon  
  86  10:06  Graviton Catapult  
  92  10:12  Pylon  
  92  10:17  Pylon  
  92  10:42  Probe x2  
  94  10:47  Pylon  
  94  10:53  Photon Cannon  
  94  10:54  Probe x2, Photon Cannon  
  96  10:59  Shield Battery  
  96  11:01  Shield Battery  
  96  11:04  Shield Battery  
  96  11:06  Photon Cannon  
  96  11:07  Carrier (Chrono Boost), Probe x3, Photon Cannon  
  105  11:11  Assimilator  
  103  11:36  Pylon  
  103  11:37  Pylon  
  100  11:40  Carrier (Chrono Boost)  
  96  11:48  Pylon  
  77  12:23  Carrier (Chrono Boost)  
  82  12:32  Stargate  
  80  12:44  Nexus  
  80  12:49  Protoss Air Weapons Level 2  
  80  12:54  Protoss Shields Level 1  
  86  12:58  Carrier (Chrono Boost)  
  86  13:08  Probe  
  86  13:20  Carrier (Chrono Boost)  
  86  13:25  Nexus  
  92  13:39  Carrier (Chrono Boost)  
  97  14:01  Probe  
  97  14:18  Nexus  
  102  14:24  Carrier (Chrono Boost)  
  102  14:28  Carrier (Chrono Boost)  
  108  14:54  Photon Cannon  
  108  15:01  Pylon  
  108  15:09  Pylon  
  108  15:19  Void Ray (Chrono Boost)  
  112  15:32  Pylon  
  112  15:40  Void Ray (Chrono Boost)  
  120  15:51  Void Ray x2 (Chrono Boost)  
  120  15:56  Protoss Air Weapons Level 3  
  124  16:25  Carrier  
Tags
 
Add a new tag
Caveats
  • Supply blocks, unpowered buildings, or Contaminate may cause inaccurate times.
  • Supply counts are checked every 10 seconds.